AoeStats
← Mclovin

Arena

509992449Analyzed
4v4 RM · 2d ago on Sep 28, 2026· 52m 2s· 8 players
Game mode
Random Map
Map size
Large (8 player)
Population
200
Speed
Normal
Resources
Standard
Victory
Conquest
Starting age
Dark Age
Ending age
Imperial Age
RankedLock teamsTeams togetherTeam positionsShared explorationLock speedFull tech treeHidden civsTurbo modeCheats
Victory
Defeat
🇹🇷 Goths · Türkiye
875
+11
🇧🇷 Spanish · Brazil
816
+13
🇨🇳 Malay · China
725
+17
🇹🇷 Turks · Türkiye
657
+19
🇲🇽 Saxons · Mexico
804
-17
🇲🇽 Danes · Mexico
735
-15
🇹🇷 Saracens · Türkiye
732
-14
🇵🇪 Romans · Peru
732
-14
GEDIAN
0:28 Loom
13:29 Feudal Age
13:55 Horse Collar
16:31 Scale Barding Armor
26:38 Castle Age
24:52 Scale Mail Armor
25:39 Double-Bit Axe
27:08 Fletching
27:43 Heavy Plow
28:07 Bodkin Arrow
29:29 Elite Skirmisher
32:31 Wheelbarrow
34:03 Gold Mining
37:53 Imperial Age
35:32 Pikeman
36:20 Squires
37:30 Man-at-Arms
38:33 Bow Saw
38:08 Halberdier
38:52 Long Swordsman
40:30 Chain Mail Armor
41:40 Forging
41:56 Fortified Wall
43:11 Hand Cart
43:35 Iron Casting
43:03 Caravan
43:25 Legionary
44:18 Capped Ram
44:26 Cavalier
45:33 Chain Barding Armor
44:55 Heavy Scorpion
46:47 Crop Rotation
46:55 Plate Barding Armor
51:21 Gold Shaft Mining
51:54 Blast Furnace
52:36 Block Printing
52:46 Illumination
52:22 Devotion
massanka21
0:26 Loom
13:30 Feudal Age
14:10 Double-Bit Axe
14:08 Horse Collar
14:20 Stone Mining
14:24 Gold Mining
20:59 Castle Age
19:50 Fletching
22:55 Wheelbarrow
22:17 Bodkin Arrow
22:29 Scale Barding Armor
22:25 Padded Archer Armor
23:47 Heavy Plow
24:00 Bow Saw
24:19 Elite Skirmisher
27:16 Gold Shaft Mining
26:58 Leather Archer Armor
27:24 Murder Holes
29:34 Ballistics
30:22 Hand Cart
35:08 Imperial Age
35:01 Chain Barding Armor
34:51 Forging
35:19 Masonry
36:24 Counterweights
36:53 Bracer
39:08 Two-Man Saw
39:21 Parthian Tactics
38:28 Heavy Cavalry Archer
41:30 Ring Archer Armor
41:21 Thumb Ring
41:56 Plate Barding Armor
43:03 Onager
44:37 Husbandry
44:48 Bloodlines
44:44 Heavy Camel Rider
Kan Balam MX
1:24 Loom
10:35 Feudal Age
11:46 Town Watch
13:59 Wheelbarrow
16:03 Double-Bit Axe
20:03 Horse Collar
22:43 Fletching
23:06 Forging
23:04 Scale Barding Armor
25:06 Castle Age
22:58 Arson
24:37 Bloodlines
24:31 Padded Archer Armor
24:31 Scale Mail Armor
26:14 Stone Mining
26:14 Gold Mining
26:43 Bow Saw
32:25 Hand Cart
32:34 Bodkin Arrow
34:34 Heavy Plow
38:10 Imperial Age
36:33 Squires
38:54 Caravan
39:31 Bracer
39:47 Leather Archer Armor
40:08 Iron Casting
40:39 Elite Hearth Troop
42:31 Gold Mining
47:38 Shield Wall
PoisonSoup91
9:36 Loom
12:54 Feudal Age
13:20 Double-Bit Axe
21:08 Castle Age
20:41 Forging
20:34 Scale Mail Armor
23:00 Fletching
24:34 Elite Skirmisher
30:05 Bodkin Arrow
30:48 Iron Casting
35:02 Imperial Age
33:31 Town Watch
34:40 Ballistics
34:27 Murder Holes
34:38 Squires
36:14 Conscription
37:26 Gambesons
38:04 Horse Collar
38:56 Gold Mining
38:57 Stone Mining
39:41 Chain Mail Armor
40:27 Blast Furnace
40:38 Wheelbarrow
40:23 Fervor
40:16 Devotion
40:34 Block Printing
40:46 Illumination
40:57 Theocracy
41:03 Bow Saw
41:49 Plate Mail Armor
45:47 Elite Varangian Guard
wuxiao
0:32 Loom
10:51 Feudal Age
11:55 Wheelbarrow
11:08 Double-Bit Axe
11:11 Horse Collar
19:17 Castle Age
19:10 Hand Cart
18:57 Heavy Plow
19:09 Gold Mining
21:06 Gold Shaft Mining
25:39 Stone Mining
27:06 Stone Shaft Mining
33:20 Imperial Age
33:07 Conscription
33:25 Crop Rotation
33:11 Bow Saw
32:55 Man-at-Arms
33:35 Squires
33:21 Arson
35:10 Long Swordsman
36:26 Forced Levy
36:16 Two-Handed Swordsman
38:47 Forging
42:10 Elite Battle Elephant
42:51 Husbandry
42:58 Scale Barding Armor
43:29 Iron Casting
45:33 Light Cavalry
47:30 Blast Furnace
Dmitry Petrovich
15:29 Feudal Age
13:47 Loom
20:18 Castle Age
18:21 Horse Collar
18:54 Fletching
21:08 Padded Archer Armor
21:36 Stone Mining
26:13 Heavy Plow
28:00 Treadmill Crane
28:41 Ballistics
28:17 Murder Holes
28:35 Fortified Wall
31:44 Caravan
32:16 Coinage
33:32 Wheelbarrow
32:43 Town Watch
34:01 Gold Mining
34:25 Masonry
35:29 Hand Cart
35:15 Town Patrol
38:05 Imperial Age
39:15 Bodkin Arrow
39:36 Leather Archer Armor
39:45 Elite Janissary
40:38 Bracer
41:23 Ring Archer Armor
43:40 Arrowslits
44:26 Architecture
46:05 Forging
45:56 Scale Mail Armor
46:01 Scale Barding Armor
46:44 Banking
47:58 Gold Shaft Mining
alp1910
1:51 Loom
10:24 Feudal Age
11:12 Double-Bit Axe
11:15 Horse Collar
15:00 Gold Mining
18:41 Castle Age
18:15 Man-at-Arms
19:08 Forging
18:58 Scale Mail Armor
20:02 Stone Mining
23:22 Heavy Plow
25:17 Bow Saw
26:07 Wheelbarrow
26:42 Town Watch
28:11 Iron Casting
29:00 Hand Cart
31:52 Imperial Age
30:30 Chain Mail Armor
30:56 Anarchy
33:35 Blast Furnace
33:35 Crop Rotation
34:09 Two-Man Saw
33:28 Elite Huskarl
35:35 Squires
42:21 Stone Shaft Mining
42:59 Conscription
48:43 Padded Archer Armor
48:33 Fletching
Mclovin
1:56 Loom
13:05 Feudal Age
16:45 Castle Age
14:49 Double-Bit Axe
15:32 Stone Mining
21:35 Horse Collar
29:05 Wheelbarrow
28:37 Gold Mining
33:17 Bow Saw
35:46 Imperial Age
34:05 Stone Shaft Mining
36:54 Padded Archer Armor
38:21 Hand Cart
38:27 Hand Cart
41:06 Fletching
43:20 Chemistry
42:31 Masonry
42:50 Heavy Plow
42:37 Town Watch
43:37 Bloodlines
44:13 Ballistics
44:29 Husbandry
44:48 Leather Archer Armor
45:01 Fortified Wall
45:39 Pikeman
47:13 Conscription
47:15 Supremacy
48:52 Elite Conquistador
Connection lost

Rejoining the realm…

Still unreachable

The connection could not be restored.

Session expired

The server has moved on; the page needs a fresh start.